 Dungeon Crawl Stone Soup version 0.29.0-10-g45618ea6d2 (webtiles) character file.

Game seed: 14275251847143187999

3486 iguanaiguana the Cleaver (level 9, 0/123 HPs)
             Began as a Minotaur Fighter on Sept 2, 2022.
             Was an Initiate of Gozag.
             Slain by Erica
             ... wielding a +2 scimitar of flaming
              (1 damage)
             ... on level 8 of the Dungeon.
             The game lasted 00:07:31 (7723 turns).

iguanaiguana the Cleaver (Minotaur Fighter)         Turns: 7723, Time: 00:07:32

Health: 0/123      AC: 27    Str: 23 (24) XL:     9   Next: 79%
Magic:  8/8        EV:  2    Int:  2 (5)  God:    Gozag
Gold:   308        SH: 12    Dex:  9 (11) Spells: 8/8 levels left

rFire   . . .      SeeInvis .   a - +0 war axe
rCold   . . .      Faith    .   t - +2 buckler {AC+3}
rNeg    . . .      Spirit   .   (body armour currently unavailable)
rPois   +          Reflect  +   (helmet currently unavailable)
rElec   .          Harm     .   (cloak currently unavailable)
rCorr   .          Rampage  .   (gloves currently unavailable)
Will    .....      NoTele   +   (boots currently unavailable)
Stlth   +.........              g - amulet of reflection
HPRegen 0.30/turn               f - ring of poison resistance
MPRegen 0.11/turn               (no ring)

@: mighty, tree-form (expiring)
A: stationary, stasis, torment immunity, boosted hp, (horns 2), (retaliatory
headbutt)
a: Renounce Religion, Potion Petition, Call Merchant, Bribe Branch


You were on level 8 of the Dungeon.
You worshipped Gozag.
Gozag was aware of your devotion.
You were a tree.
You visited 2 branches of the dungeon, and saw 9 of its levels.
You also visited: Sewer.

You collected 469 gold pieces.
You paid 161 gold pieces to Gozag.

Inventory:

Hand Weapons
 a - a +0 war axe (weapon)
Missiles
 n - 6 poisoned darts (quivered)
 u - 6 boomerangs of dispersal
Armour
 e - a +1 pair of boots (melded)
 j - a +0 plate armour (melded)
 q - a +2 hat of intelligence (melded)
 t - a +2 buckler of protection (worn)
 y - the +0 pair of gloves of a Gauntlet (melded) {rF+ Str+4 Int+4}
   (You found it on level 8 of the Dungeon)

   Str:       It affects your strength (+4).
   Int:       It affects your intelligence (+4).
   rF:        It protects you from fire.
Jewellery
 f - a ring of poison resistance (left branch)
 g - an amulet of reflection (around neck)
Scrolls
 i - a scroll of amnesia
 k - a scroll of magic mapping {@r5}
 o - a scroll of enchant armour
 s - 4 scrolls of blinking {@r4}
 w - 2 scrolls of fear
Potions
 m - a potion of flight
 p - 4 potions of curing {@q1}
 r - a potion of ambrosia
 v - 2 potions of heal wounds {unknown}
 x - 3 potions of degeneration
 z - a potion of resistance {unknown}


   Skills:
 + Level 8.3 Fighting
 * Level 11.0 Axes
 + Level 8.6 Armour
 - Level 8.0 Shields


You had 8 spell levels left.
You didn't know any spells.
Your spell library contained the following spells:

 Spells                   Type           Power      Damage    Failure   Level
 Haunt                    Necr/Summ      0%         N/A       100%        7
 Infestation              Necr           0%         N/A       100%        8
 Animate Dead             Necr           Unusable   N/A       N/A         4

Dungeon Overview and Level Annotations

Branches:
Dungeon (8/15) Zot: 26087  Temple (1/1) D:5 Zot: 5772   Sewer (visited)
   Lair: D:8-11

Altars:
Cheibriados
Dithmenos
Elyvilon
Fedhas
Gozag
Makhleb
Qazlal
Ru
Sif Muna
Uskayaw
Vehumet
Wu Jian
Yredelemnul
Zin
The Shining One

Shops:
D:1 *!(   D:4 :   D:7 (

Annotations:
D:8 Erica


Innate Abilities, Weirdness & Mutations

You are a tree.
Your roots penetrate the ground, keeping you stationary.
You cannot be teleported.
You are immune to unholy pain and torment.
Your maximum health is greatly increased.
Your equipment is partially melded.
((You have a pair of horns on your head.))
((You reflexively headbutt those who attack you in melee.))


Message History

You slice something!! You barely miss something. You miss something.
You hear some strange, mumbled words.
You are confused.
You miss something. Something hits you!
* * * LOW HITPOINT WARNING * * *
Something burns you.
* * * LOW HITPOINT WARNING * * *
You completely miss something. You miss something.
Erica appears from thin air!
Reactivating autopickup.
You attack the rock wall.
Erica casts a spell at you.
You hit Erica.
Erica is severely wounded.
You barely miss Erica.
Your transformation is almost over.
You feel less confused.
Erica gestures wildly while chanting.
Erica flickers and vanishes!
Deactivating autopickup; reactivate with Ctrl-A.
You aren't carrying any items that you can evoke.
It was a potion of degeneration.
There was something very wrong with that liquid.
You feel weakened.
You feel dopey.
You feel clumsy.
You feel very mighty all of a sudden.
You closely miss something. Something hits you!
* * * LOW HITPOINT WARNING * * *
Something burns you.
* * * LOW HITPOINT WARNING * * *
You barely miss something. Something hits you.
* * * LOW HITPOINT WARNING * * *
Something burns you.
* * * LOW HITPOINT WARNING * * *
You slash something! Something hits you.
* * * LOW HITPOINT WARNING * * *
Something burns you.
You die...
Your body crumbles into a pile of gold.

..#
###...........##...###
#.. #....#...#......##
##.####.####).####..##.#
#.#..## #)#####...####
#...## ##.###........#
##..## #.###....<#####
###...####..##....##
##............###.##
#..#..###.(....$♣.#
...............${.#
#######...........##
..#.#.##.......######
#.#...###.#####..#..#
#.#.## #.....##.##.#
#.#.# ###.#......#..#
#.#.###...######...##
#.#.##....# #..##


There were no monsters in sight!

Vanquished Creatures
  A two-headed ogre (D:8)
  Joseph (D:7)
  A wyvern (D:7)
  A steam dragon (D:6)
  A water moccasin (D:5)
  An orc warrior (D:8)
  An ice beast (D:5)
  2 sky beasts (D:6)
  2 black bears
  An ogre (D:5)
  4 bullfrogs
  A necrophage (D:7)
  3 scorpions
  5 wights (D:8)
  3 howler monkeys (D:7)
  2 jellies (D:7)
  4 hounds
  A gnoll bouda (D:7)
  3 iguanas
  6 orc wizards
  9 adders
  8 gnolls
  A shadow imp (D:6)
  2 ufetubi (D:5)
  4 worms
  A dart slug (D:4)
  14 orcs
  8 endoplasms
  5 giant cockroaches
  8 hobgoblins
  6 jackals
  2 kobolds
  3 quokkas
  9 ball pythons
  5 bats
  9 frilled lizards
  5 goblins
  8 rats
  A spectral orc (D:7)
152 creatures vanquished.

Notes
Turn   | Place    | Note
-------+----------+-------------------------------------------
     0 | D:1      | iguanaiguana the Minotaur Fighter began the quest for the
                  | Orb.
     0 | D:1      | Reached XP level 1. HP: 19/19 MP: 0/0
    41 | D:1      | Found Ylipau Ruck's Weapon Shop.
    75 | D:1      | Found Neceug's Distillery.
    81 | D:1      | Found Etolug's Assorted Antiques.
   108 | D:1      | Reached XP level 2. HP: 27/27 MP: 1/1
   525 | D:2      | Reached skill level 3 in Axes
   539 | D:2      | Reached XP level 3. HP: 22/33 MP: 2/2
   731 | D:2      | Found an ornate altar of the Wu Jian Council.
  1086 | D:3      | Found a faded altar of an unknown god.
  1418 | D:3      | Found a radiant altar of Vehumet.
  1438 | D:3      | Reached XP level 4. HP: 40/40 MP: 3/3
  1461 | D:4      | Found an opulent altar of Gozag.
  1556 | D:4      | Reached skill level 4 in Axes
  1792 | D:4      | Reached XP level 5. HP: 32/47 MP: 4/4
  2128 | D:4      | Found a stormy altar of Qazlal.
  2143 | D:4      | Noticed an air elemental
  2147 | D:4      | Noticed a fire elemental
  2147 | D:4      | Noticed a water elemental
  2486 | D:4      | Found Nucsoege's Book Boutique.
  2859 | D:5      | Entered Level 5 of the Dungeon
  2860 | D:5      | Noticed an ogre
  2864 | D:5      | HP: 2/47 [ogre/+0 giant club (23)]
  2866 | D:5      | Killed an ogre
  2867 | D:5      | Reached skill level 5 in Axes
  2867 | D:5      | Reached XP level 6. HP: 3/55 MP: 5/5
  3166 | D:5      | Reached skill level 5 in Fighting
  3166 | D:5      | Reached skill level 5 in Armour
  3166 | D:5      | Reached skill level 5 in Shields
  3169 | D:5      | Found a shadowy altar of Dithmenos.
  3346 | D:5      | Reached skill level 6 in Axes
  3346 | D:5      | Reached XP level 7. HP: 61/61 MP: 6/6
  3437 | D:5      | Found a staircase to the Ecumenical Temple.
  3455 | Temple   | Entered the Ecumenical Temple
  3803 | D:5      | Reached skill level 7 in Axes
  4382 | D:5      | Found a glowing silver altar of Zin.
  4673 | D:6      | Reached XP level 8. HP: 53/70 MP: 7/7
  4688 | D:6      | Found a glowing drain.
  4697 | Sewer    | Entered a sewer
  5002 | Sewer    | Reached skill level 8 in Axes
  5447 | D:6      | Found an ornate altar of the Wu Jian Council.
  5594 | D:6      | Found a shimmering blue altar of Sif Muna.
  5946 | D:7      | Found Witofec's Weapon Boutique.
  5968 | D:7      | Reached skill level 9 in Axes
  6169 | D:7      | Reached XP level 9. HP: 79/79 MP: 8/8
  6225 | D:7      | Noticed Joseph
  6234 | D:7      | Found a basalt altar of Yredelemnul.
  6255 | D:7      | Killed Joseph
  6851 | D:8      | Reached skill level 10 in Axes
  7084 | D:8      | Noticed a two-headed ogre
  7095 | D:8      | Killed a two-headed ogre
  7259 | D:8      | Identified the +0 pair of gloves of a Gauntlet {rF+ Str+4
                  | Int+4}
  7341 | D:8      | Identified the +4 scale mail "Zinutta" {Drain rElec Will+++
                  | Slay+5}
  7442 | D:8      | Noticed Erica
  7579 | D:4      | Became a worshipper of Gozag Ym Sagoz the Greedy
  7688 | D:8      | Reached skill level 11 in Axes
  7721 | D:8      | HP: 4/123 [something (4)]
  7722 | D:8      | HP: 1/123 [something (1)]
  7723 | D:8      | Slain by Erica

Illustrated notes

Levels and vault maps discovered:
D:1:      heliophobic_arrival_henge, layout_rooms, serial_shops,
          nicolae_shop_hallway_plus, shop_statue, nicolae_shop_stone,
          palyth_stone_intersect
D:2:      layout_rooms, basic_altar
D:3:      layout_basic, nicolae_vehumet_radiance, nicolae_ecumenical_lake_church
D:4:      layout_gridville, nicolae_qazlal_style_of_elements,
          nicolae_gozag_cash_rules_everything_around_me,
          serial_co_window_serial, co_window_corner_a, co_window_paths_a,
          co_window_paths_b, co_window_of_opportunity_a, co_window_corner_a,
          co_window_corner_cb, co_window_corner_ca, co_window_cross_4,
          co_window_corner_b, co_window_unsneaky_path_e, co_window_paths_c,
          co_window_4corner_b, co_window_paths_e, glass_columns_a,
          glass_columns_a, glass_columns_b, glass_columns_a, serial_shops,
          kennysheep_little_box, hangedman_abyss_or_decor_lesser_grid
D:5:      layout_basic, zin_statuary, mainiacjoe_overflow_catwalk,
          minmay_temple_entry_junction_2
D:6:      layout_loops_ring, nicolae_wu_jian_glorious_leap,
          mainiacjoe_overflow_concentric_impassable, portal_sewer_entry_d
D:7:      layout_gridville, yredelemnul_forgotten_temple_becter, serial_shops,
          nicolae_shop_bloodbath_and_beyond, uniq_joseph
D:8:      layout_layer_cave, mainiacjoe_overflow_alcove_2, david_lair_generic,
          minivault_10, minivault_27, uniq_erica
Temple:   hellmonk_temple_beads

Skill      XL: |  1  2  3  4  5  6  7  8  9 |
---------------+----------------------------+-----
Axes           | 3 4 5 6 7 9 11 | 11.0
Armour         | 4 5 6 7 8 |  8.6
Fighting       | 4 5 6 7 8 |  8.3
Shields        | 4 5 6 7 8 |  8.0

Action                   |  1- 3 |  4- 6 |  7- 9 || total
-------------------------+-------+-------+-------++-------
Melee: War axe           |    79 |    73 |   274 ||   426
       Headbutt          |    12 |    14 |    51 ||    77
  Use: Potion            |       |     2 |     5 ||     7
       Scroll            |       |     5 |    11 ||    16
 Stab: Invisible         |       |       |     3 ||     3
Armor: Scale mail        |     9 |       |       ||     9
       Plate armour      |    38 |    60 |   164 ||   262
       Skin              |       |       |    12 ||    12
Dodge: Dodged            |    26 |    15 |    53 ||    94
Block: Buckler           |    35 |    39 |   144 ||   218
       Reflection        |     1 |       |     1 ||     2
